 Dungeon Crawl Stone Soup version 0.16.1-11-g651b585 (webtiles) character file.

3451 in250t the Spear-Bearer (level 9, -2/62 HPs)
             Began as a Mottled Draconian Wizard on Apr 2, 2015.
             Was an Initiate of Sif Muna.
             Slain by a killer bee (4 damage)
             ... on level 8 of the Dungeon.
             The game lasted 00:35:53 (10841 turns).

in250t the Spear-Bearer (Mottled Draconian Wizard) Turns: 10841, Time: 00:35:53

Health: -2/62      AC: 12    Str:  9    XL:     9   Next: 78%
Magic:  5/17       EV: 12    Int: 22    God:    Sif Muna [......]
Gold:   339        SH:  0    Dex: 10    Spells: 5 memorised, 3 levels left

rFire  . . .     SeeInvis .     w - +0 trident
rCold  + . .     Clarity  .     (armour unavailable)
rNeg   . . .     SustAb   +     (no shield)
rPois  .         Gourm    .     b - +0 hat
rElec  .         Spirit   .     e - +0 cloak
rCorr  .         Warding  .     D - +1 pair of gloves
rMut   .         Stasis   .     m - +1 pair of boots
MR     .....                    (no amulet)
Stlth  ++........               x - ring of protection from cold
                                a - ring of sustain abilities

@: lethally poisoned (-2 -> -6), short of breath, very slightly contaminated,
not resistant to hostile enchantments, unstealthy
A: breathe sticky flames, unfitting armour, cold-blooded, AC +7
a: Breathe Sticky Flame, Renounce Religion


You were on level 8 of the Dungeon.
You worshipped Sif Muna.
Sif Muna was noncommittal.
You were not hungry.

You visited 1 branch of the dungeon, and saw 8 of its levels.

You collected 339 gold pieces.

Inventory:

Hand weapons
 w - a +0 trident (weapon)
Armour
 b - a +0 hat (worn)
 e - a +0 cloak (worn)
 m - a +1 pair of boots (worn)
 v - a +0 pair of gloves
 D - a +1 pair of gloves (worn)
Rods
 J - a -3 rod of clouds (13/13)
   (You found it on level 6 of the Dungeon)
Jewellery
 a - a ring of sustain abilities (left hand)
 u - a cursed ring of teleportation
 x - a ring of protection from cold (right hand)
 K - a +2 ring of protection {unknown}
 M - an uncursed ring of magical power {unknown}
Magical devices
 A - a wand of fireball (3)
 G - a wand of hasting (4)
 I - a wand of flame (14)
Scrolls
 f - 4 scrolls of enchant weapon
 i - 3 scrolls of remove curse
 r - a scroll of amnesia
 y - a scroll of fear {unknown}
 E - a scroll of identify {unknown}
 H - a scroll of noise {unknown}
 L - 2 scrolls of recharging {unknown}
 N - 2 scrolls of enchant armour
 P - a scroll of magic mapping
Potions
 g - 5 potions of curing
 j - 2 potions of heal wounds {unknown}
 k - 4 potions of might {unknown}
 n - a potion of brilliance {unknown}
 o - 2 potions of mutation {unknown}
 q - a potion of cancellation {unknown}
 s - a potion of restore abilities {unknown}
 t - 2 potions of poison {unknown}
 z - a potion of lignification {unknown}
 B - a potion of agility {unknown}
 C - a potion of beneficial mutation {unknown}
Books
 c - a book of Minor Magic

   Spells                             Type                      Level
   a - Magic Dart                     Conjuration                  1
   b - Blink                          Translocation                2
   c - Call Imp                       Summoning                    2
   d - Repel Missiles                 Charms/Air                   2
   e - Slow                           Hexes                        2
   f - Conjure Flame                  Conjuration/Fire             3
   g - Mephitic Cloud                 Conjuration/Poison/Air       3
Comestibles
 d - 9 bread rations
 h - a beef jerky
 l - 2 meat rations
 p - a royal jelly
 O - 5 fruits
 Q - 2 chunks of flesh


   Skills:
 + Level 12.0 Polearms
 - Level 2.1 Dodging
 - Level 1.7 Stealth
 - Level 3.0 Spellcasting
 - Level 6.5 Conjurations
   Level 1.0 Summonings
 - Level 1.0 Translocations


You had 3 spell levels left.
You knew the following spells:

 Your Spells              Type           Power        Failure   Level  Hunger
a - Magic Dart            Conj           ####         1%          1    None
b - Blink                 Tloc           N/A          14%         2    ##.....
c - Mephitic Cloud        Conj/Pois/Air  ##......     17%         3    ###....
d - Conjure Flame         Conj/Fire      ###.....     12%         3    ###....
e - Repel Missiles        Chrm/Air       #.....       21%         2    ##.....


Dungeon Overview and Level Annotations

Branches:
Dungeon (8/15)             Temple (0/1) D:7
   Lair: D:8-11

Altars:
Cheibriados
Dithmenos
Elyvilon
Fedhas
Okawaru
Sif Muna
Zin


Innate Abilities, Weirdness & Mutations

You can spit globs of burning liquid.
You can ignite nearby creatures when you spit burning liquid.
Your weird mottled scales are hard (AC +7).
Your body does not fit into most forms of armour.
Your cold-blooded metabolism reacts poorly to cold.


Message History

You feel strangely unstable.
You feel sick. The killer bee stings you. The ogre barely misses you.
The killer bee stings you.
You are more poisoned.
The killer bee poisons you!
The orc warrior hits you but does no damage.
The centaur wields a shortbow.
The centaur shoots an arrow.
The arrow closely misses you.
The killer bee stings you but does no damage.
The ogre barely misses you.
Your surroundings seem slightly different.
You feel sick.
The centaur shoots an arrow.
The arrow closely misses you. The killer bee closely misses you.
The centaur shoots an arrow.
The arrow hits you!
* * * LOW HITPOINT WARNING * * *
Found an escape hatch in the floor.
You see here 2 arrows.
You feel sick. The killer bee stings you!
* * * LOW HITPOINT WARNING * * *
The killer bee stings you.
You die...

....# #... .o...
#..... #...# ##......
#o††####%..$...#
#.)............#
#.<)...........
##<...y..?.....
#..o.c........#
##..s.y@....>..#
###..Oo.........##
....#.....o(#########
..........###
...).....## #.....(##
#######


You could see an orc warrior, an ogre, a centaur, a scorpion, 2 killer bees, an
orc priest and an orc.

Vanquished Creatures
  The ghost of in250t the Conjurer, an experienced DrWz (D:5)
  A spriggan (D:7)
  2 hungry ghosts (D:5)
  Menkaure (D:5)
  An orc warrior (D:7)
  A sky beast (D:7)
  A phantom (D:7)
  3 ice beasts
  4 centaurs
  2 ogres
  Duvessa (D:4)
  A crocodile (D:7)
  3 giant frogs
  A water moccasin zombie (D:6)
  A killer bee (D:8)
  A crimson imp (D:7)
  A goliath beetle (D:7)
  Dowan (D:4)
  A giant frog zombie (D:6)
  6 hounds
  An orc priest (D:6)
  A centaur skeleton (D:7)
  3 iguanas
  Natasha (twice) (D:5)
  4 worker ants
  7 orc wizards
  Ijyb (D:5)
  A mummy (D:4)
  2 hound skeletons
  A worker ant zombie (D:6)
  10 adders
  3 gnolls (D:6)
  2 shadow imps
  3 giant mites (D:5)
  4 worms
  2 adder zombies (D:1)
  7 giant geckos
  3 oozes
  27 orcs
  A ball python (D:4)
  16 bats
  4 bat skeletons
  5 giant cockroaches
  10 goblins
  15 hobgoblins
  4 jackals (D:2)
  7 quokkas
  A giant gecko zombie (D:6)
  3 giant newts
  13 kobolds
  A quokka skeleton (D:4)
  13 rats
211 creatures vanquished.

Vanquished Creatures (collateral kills)
  A killer bee (D:8)
  A giant frog (D:8)
2 creatures vanquished.

Vanquished Creatures (others)
  2 orc warriors (D:7)
  A killer bee (D:8)
  3 orc wizards (D:7)
  A hound skeleton (D:7)
  2 orcs (D:7)
9 creatures vanquished.

Grand Total: 222 creatures vanquished

Notes
Turn   | Place    | Note
--------------------------------------------------------------
     0 | D:1      | in250t, the Draconian Wizard, began the quest for the Orb.
     0 | D:1      | Reached XP level 1. HP: 14/14 MP: 4/4
   294 | D:1      | Reached XP level 2. HP: 20/20 MP: 3/6
   709 | D:1      | Learned a level 2 spell: Blink
  1286 | D:2      | Reached XP level 3. HP: 10/26 MP: 1/7
  2198 | D:2      | Learned a level 3 spell: Mephitic Cloud
  2211 | D:2      | Reached skill level 4 in Conjurations
  2211 | D:2      | Reached XP level 4. HP: 33/33 MP: 2/9
  2221 | D:2      | Learned a level 3 spell: Conjure Flame
  3255 | D:3      | Reached XP level 5. HP: 38/38 MP: 8/11
  3410 | D:3      | Reached skill level 5 in Conjurations
  3953 | D:4      | Found a shadowy altar of Dithmenos.
  4036 | D:4      | Noticed Menkaure
  4801 | D:4      | Noticed an ogre
  4821 | D:4      | Killed an ogre
  4821 | D:4      | Reached skill level 6 in Conjurations
  4821 | D:4      | Reached XP level 6. HP: 43/45 MP: 2/12
  4921 | D:4      | Learned a level 2 spell: Repel Missiles
  5259 | D:4      | Found an iron altar of Okawaru.
  5801 | D:4      | Noticed Duvessa
  5802 | D:4      | Noticed Dowan
  5819 | D:4      | Killed Dowan
  5819 | D:4      | Reached skill level 1 in Polearms
  5858 | D:4      | Killed Duvessa
  6223 | D:5      | Entered Level 5 of the Dungeon
  6238 | D:5      | Your scales start taking on a weird mottled pattern.
  6238 | D:5      | Reached XP level 7. HP: 38/50 MP: 0/14
  6435 | D:5      | Reached skill level 5 in Polearms
  6703 | D:5      | Noticed in250t's ghost (experienced DrWz)
  6718 | D:5      | Killed in250t's ghost
  6718 | D:5      | Reached XP level 8. HP: 50/57 MP: 11/16
  6726 | D:5      | Noticed Ijyb
  6736 | D:5      | Killed Ijyb
  6789 | D:5      | Found a deep blue altar of Sif Muna.
  6802 | D:5      | Noticed Natasha
  6810 | D:5      | Killed Natasha
  6835 | D:5      | Noticed a hungry ghost
  6846 | D:5      | Killed a hungry ghost
  6846 | D:5      | Reached skill level 7 in Polearms
  6936 | D:5      | Noticed Natasha
  7223 | D:5      | Killed Natasha
  7233 | D:5      | Noticed a hungry ghost
  7297 | D:5      | Killed a hungry ghost
  7297 | D:5      | Reached skill level 8 in Polearms
  7436 | D:5      | Killed Menkaure
  7935 | D:6      | Found a white marble altar of Elyvilon.
  7971 | D:6      | Reached skill level 9 in Polearms
  8501 | D:6      | Found a glowing silver altar of Zin.
  8800 | D:6      | Reached XP level 9. HP: 57/62 MP: 17/17
  9273 | D:7      | Reached skill level 10 in Polearms
  9828 | D:7      | Found a staircase to the Ecumenical Temple.
  9965 | D:5      | Became a worshipper of Sif Muna the Loreminder
 10070 | D:7      | Found a blossoming altar of Fedhas.
 10155 | D:7      | Reached skill level 11 in Polearms
 10278 | D:7      | Found a snail-covered altar of Cheibriados.
 10833 | D:8      | Reached skill level 12 in Polearms
 10840 | D:8      | HP: 2/62 [killer bee (9)]
 10841 | D:8      | Slain by a killer bee

Action                   |  1- 3 |  4- 6 |  7- 9 || total
-------------------------+-------+-------+-------++-------
Melee: Unarmed           |    92 |    68 |       ||   160
       Trident           |       |    36 |   442 ||   478
 Cast: Magic Dart        |    87 |   194 |    96 ||   377
       Conjure Flame     |       |     9 |     4 ||    13
       Mephitic Cloud    |       |     8 |    16 ||    24
       Blink             |       |     1 |     1 ||     2
 Abil: Breathe Sticky Fl |       |       |    31 ||    31
  Use: Scroll            |       |     5 |     4 ||     9
       Potion            |       |     1 |       ||     1
 Stab: Confused          |       |     4 |    11 ||    15
       Distracted        |       |       |     1 ||     1
  Eat: Chunk             |     4 |    14 |    21 ||    39
       Pizza             |       |       |     1 ||     1
       Beef jerky        |       |       |     1 ||     1
       Fruit             |       |       |     2 ||     2
